 Seeded DCSS version 0.31-a0-233-g139696dc86 (webtiles) character file.

Game seed: 1173353110329037709 (custom seed)

1122 innerfire43 the Poker (level 8, -2/59 HPs)
             Began as a Demonspawn Monk on July 9, 2023.
             Was a Believer of Qazlal.
             Succumbed to a gnoll's curare-tipped dart
             ... on level 5 of the Dungeon.
             The game lasted 00:05:24 (4629 turns).

innerfire43 the Poker (Demonspawn Monk)             Turns: 4629, Time: 00:05:25

Health: -2/59      AC: 16    Str: 14    XL:     8   Next: 12%
Magic:  8/8        EV:  5    Int: 12    God:    Qazlal [**....]
Gold:   174        SH:  8    Dex: 15    Spells: 7/7 levels left

rFire   . . .        s - +5 Force Lance {heavy, knockback}
rCold   . . .        d - orb {light}
rNeg    . . .        r - +0 plate armour
rPois   .            (helmet restricted)
rElec   .            (no cloak)
rCorr   .            v - +0 pair of gloves
SInv    .            k - +0 pair of boots
Will    +....        j - amulet of reflection Stlth
                     (no ring)
HPRegen 0.29/turn    (no ring)
MPRegen 0.11/turn

%: reflection
@: lethally poisoned (-2 -> -25), enlightened, flying, slowed, glowing, very
slow
A: antennae 2, rugged brown scales 1, demonic guardian 1
a: Renounce Religion, Upheaval


You were on level 5 of the Dungeon.
You worshipped Qazlal.
Qazlal was pleased with you.
You visited 2 branches of the dungeon, and saw 6 of its levels.

You collected 174 gold pieces.

Inventory:

Hand Weapons
 a - a +1 spear
 s - the +5 Force Lance (weapon) {heavy, knockback}
   (You found it on level 4 of the Dungeon)
 x - the +1 hammer of Distant Shores {venom, *Slow rN++ Int+6}
   (You found it on level 4 of the Dungeon)

   Int:       It affects your intelligence (+6).
   rN:        It greatly protects you from negative energy.
   *Slow:     It may slow you when you take damage.
Armour
 b - a +0 robe
 d - an orb of light (worn)
 f - a +2 helmet
 k - a +0 pair of boots (worn)
 r - a +0 plate armour (worn)
 v - a +0 pair of gloves (worn)
Jewellery
 j - an amulet of reflection (around neck)
Wands
 h - a wand of flame (21)
 q - a wand of light (5)
Scrolls
 c - a scroll of immolation {unknown}
 g - 3 scrolls of teleportation
 m - a scroll of blinking
 n - 2 scrolls of poison
 p - a scroll of enchant weapon
 t - 2 scrolls of enchant armour {unknown}
 w - a scroll of revelation
Potions
 e - a potion of cancellation {unknown}
 i - 4 potions of lignification
 l - a potion of degeneration {unknown}


   Skills:
 - Level 3.0 Fighting
 + Level 7.1 Polearms
 + Level 5.6 Armour
 - Level 2.6 Dodging


You had 7 spell levels left.
You didn't know any spells.
Your spell library contained the following spells:

 Spells                   Type           Power      Damage    Failure   Level
 Magic Dart               Conj           0%         1d3       100%        1
 Call Imp                 Summ           0%         N/A       100%        2
 Ignite Poison            Fire/Tmut/Pois 0%         N/A       100%        3
 Inner Flame              Hex/Fire       0%         N/A       100%        3
 Mephitic Cloud           Conj/Pois/Air  0%         N/A       100%        3
 Flame Wave               Conj/Fire      0%         2d4       100%        4
 Sticky Flame             Conj/Fire      0%         2d3       100%        4
 Summon Forest            Summ/Tloc      0%         N/A       100%        5
 Summon Mana Viper        Hex/Summ       0%         N/A       100%        5
 Summon Cactus Giant      Summ           0%         N/A       100%        6
 Ignition                 Fire           0%         3d3       100%        8


Dungeon Overview and Level Annotations

Branches:
Dungeon (5/15)             Temple (1/1) D:4

Altars:
Ashenzari
Fedhas
Gozag
Hepliaklqana
Kikubaaqudgha
Makhleb
Nemelex Xobeh
Okawaru
Qazlal
Ru
Trog
Uskayaw
Xom
Yredelemnul


Innate Abilities, Weirdness & Mutations

You have a pair of antennae on your head.
You are partially covered in rugged brown scales. (AC +1, +3% HP)
A weak demonic guardian rushes to your aid.


Message History

Unknown command.
A gnoll is nearby!
You are too injured to fight recklessly!
Unknown command.
A gnoll is nearby!
Reach: s) +5 Force Lance {heavy, knockback}
Press: ? - help, Dir - move target, f - gnoll
Aim: a gnoll, wielding a +0 spear and quivering curare-tipped darts (haloed, about 14% to evade the +5 Force Lance)
You reach to attack!
You barely miss the gnoll.
* * * LOW HITPOINT WARNING * * *
You feel extremely sick. The gnoll barely misses you.
The gnoll throws a curare-tipped dart.
The curare-tipped dart hits you.
You are lethally poisoned!
You have difficulty breathing.
* * * LOW HITPOINT WARNING * * *
A demonic guardian appears!
You feel as though you will be slow longer.
You feel much better.
You feel extremely sick.
The gnoll throws a curare-tipped dart.
The curare-tipped dart hits you.
You are lethally poisoned!
You have difficulty breathing.
* * * LOW HITPOINT WARNING * * *
You feel as though you will be slow longer.
Okay, then.
Reach: s) +5 Force Lance {heavy, knockback}
Press: ? - help, Dir - move target, f/p - gnoll
Aim: a gnoll, wielding a +0 spear and quivering curare-tipped darts (ally target, haloed, about 14% to evade the +5 Force Lance)
You reach to attack!
You puncture the gnoll!
You kill the gnoll!
Qazlal accepts your kill.
* * * LOW HITPOINT WARNING * * *
You feel extremely sick.
There is a lethal amount of poison in your body!
Unknown command.
It was a potion of enlightenment.
You feel very buoyant.
You fly up into the air.
You die...

### ..# ##..# #.# #.#
#...# .## #.# #...#
## ##.###)..# #
#..##)..# ##
##...)...## .##
##.........# ..##
##..)....°..#
.<.####.).).....@.#
#..##>...)).#....5#
##...............)#
#.....####.........
##..##~≈≈#~#......)
###..#≈~≈≈≈≈#......##
#...##≈#≈#≈≈##....##
....~≈≈≈≈≈≈≈≈#...##
....#≈≈≈≈≈≈#≈


You could see a friendly quasit (summoned).

Vanquished Creatures
  Pikel (D:4)
  Edmund (D:4)
  A lemure (D:4)
  2 scorpions (D:5)
  A hound (D:5)
  An orc priest (D:2)
  Crazy Yiuf (D:4)
  2 iguanas
  9 gnolls
  9 adders
  2 worms
  5 dart slugs
  11 orcs
  3 bats
  9 endoplasms
  3 giant cockroaches
  10 hobgoblins
  5 jackals
  3 quokkas
  4 ball pythons
  2 frilled lizards
  5 goblins
  6 kobolds
  4 rats
100 creatures vanquished.

Vanquished Creatures (collateral kills)
  An orc (D:4)
1 creature vanquished.

Vanquished Creatures (others)
  A kobold (D:4)
1 creature vanquished.

Grand Total: 102 creatures vanquished

Notes
Turn   | Place    | Note
-------+----------+-------------------------------------------
     0 | D:1      | innerfire43 the Demonspawn Monk began the quest for the
                  | Orb.
     0 | D:1      | Reached XP level 1. HP: 18/18 MP: 1/1
   202 | D:1      | Reached skill level 3 in Polearms
   275 | D:1      | Gained mutation: You have a pair of small antennae on your
                  | head. [demonic ancestry]
   275 | D:1      | Reached XP level 2. HP: 21/24 MP: 2/2
   753 | D:1      | Reached XP level 3. HP: 29/29 MP: 3/3
  1151 | D:2      | Reached skill level 4 in Polearms
  1211 | D:2      | Gained mutation: A weak demonic guardian rushes to your
                  | aid. [demonic ancestry]
  1211 | D:2      | Reached XP level 4. HP: 19/35 MP: 4/4
  1347 | D:2      | Found a faded altar of an unknown god.
  1912 | D:3      | Reached skill level 5 in Polearms
  2284 | D:3      | Reached XP level 5. HP: 40/41 MP: 5/5
  2931 | D:4      | Found the +5 Force Lance {heavy, knockback}
  2952 | D:4      | Found a staircase to the Ecumenical Temple.
  2969 | Temple   | Entered the Ecumenical Temple
  3196 | Temple   | Became a worshipper of Qazlal Stormbringer
  3196 | Temple   | Reached * piety under Qazlal
  3196 | Temple   | Reached ** piety under Qazlal
  3307 | D:4      | Reached skill level 1 in Armour
  3313 | D:4      | Noticed a lemure
  3318 | D:4      | Noticed Pikel
  3320 | D:4      | Killed a lemure
  3321 | D:4      | Noticed a lemure
  3325 | D:4      | Noticed a lemure
  3326 | D:4      | Killed Pikel
  3327 | D:4      | Reached skill level 6 in Polearms
  3327 | D:4      | Gained mutation: You are partially covered in rugged brown
                  | scales. (AC +1, +3% HP) [demonic ancestry]
  3327 | D:4      | Reached XP level 6. HP: 17/48 MP: 6/6
  3327 | D:4      | Gained mutation: You have a pair of antennae on your head.
                  | [demonic ancestry]
  3327 | D:4      | Reached XP level 7. HP: 19/53 MP: 7/7
  3668 | D:4      | Noticed Edmund
  3674 | D:4      | Killed Edmund
  4153 | D:4      | Found a runed translucent door.
  4154 | D:4      | Noticed Crazy Yiuf
  4166 | D:4      | Killed Crazy Yiuf
  4167 | D:4      | Reached skill level 5 in Armour
  4170 | D:4      | Identified the +1 hammer of Distant Shores {venom, *Slow
                  | rN++ Int+6}
  4335 | D:5      | Entered Level 5 of the Dungeon
  4481 | D:5      | Reached skill level 7 in Polearms
  4481 | D:5      | Reached XP level 8. HP: 57/59 MP: 8/8
  4629 | D:5      | Succumbed to a gnoll's curare-tipped dart

Illustrated notes

Levels and vault maps discovered:
D:1:      dpeg_chamrin_arrival_tetris, layout_loops_corners, item_on_display_a
D:2:      layout_basic, hellmonk_ecumenical_altar_heavens_door,
          minmay_misc_feat_columns, grunt_decor_clamped,
          hangedman_abyss_or_decor_stabs, kennysheep_generic_room_15
D:3:      layout_loops_ring
D:4:      layout_loops_ring, minmay_temple_entry_slanted, minmay_quantized,
          uniq_crazy_yiuf_cottage, uniq_pikel, uniq_edmund
D:5:      layout_layer_cave, mainiacjoe_overflow_alcove_1, serial_shops,
          nicolae_shop_just_a_little_nook, minivault_4
Temple:   nicolae_temple_elliptical

Skill      XL: |  1  2  3  4  5  6  7 |
---------------+----------------------+-----
Polearms       | 3 4 5 6 7 |  7.1
Armour         | 4 5 |  5.6
Fighting       | |  3.0
Dodging        | |  2.6

Action                     |  1- 3 |  4- 6 |  7- 9 || total
---------------------------+-------+-------+-------++-------
  Melee: Spear             |   100 |   162 |       ||   262
         Lance             |       |    24 |    53 ||    77
    Use: Potion            |     1 |       |     2 ||     3
         Scroll            |       |     8 |       ||     8
   Stab: Sleeping          |     1 |       |       ||     1
 Armour: Robe              |    13 |    15 |       ||    28
         Plate armour      |       |     9 |    18 ||    27
  Dodge: Dodged            |    42 |    50 |     7 ||    99
  Block: Orb               |     4 |    33 |    10 ||    47
         Reflection        |       |     2 |       ||     2

Table legend: (Time is in decaauts)
 A = Elapsed time spent in this place.
 B = Non-inter-level travel time spent in this place.
 C = Inter-level travel time spent in this place.
 D = Time resting spent in this place.
 E = Time spent auto-exploring this place.
 F = Levels seen in this place.
 G = Mean time per level.
                   A        B        C        D        E       F      G
               +--------+--------+--------+--------+--------+-----+--------+
         Total |   4612 |   4309 |    303 |      0 |   3622 |   6 |  768.7 |
       Dungeon |   4362 |   4160 |    202 |      0 |   3489 |   5 |  872.4 |
        Temple |    250 |    149 |    101 |      0 |    133 |   1 |  250.0 |
               +--------+--------+--------+--------+--------+-----+--------+

Top non-repeatable levels by time:
     D:4: 1201 daAuts
     D:1: 1014 daAuts
     D:3: 981 daAuts
     D:2: 864 daAuts
     D:5: 301 daAuts
  Temple: 250 daAuts
